Map: Dusk Towers

Players

Miniraser - Winner!

  • Race: Zerg Zerg
  • League: Master

Lilbow

  • Race: Protoss Protoss

Event: Homestory Cup XII

VOD

Have the link to the VOD?

Description

Time

  • Played on: Dec. 18, 2015, 11:17 a.m.
  • Length: 7:33

All games in this series

Show
View Real Time Build Order
Export as new Build Order

Miniraser Zerg - Winner!

Build Orders: Hatch First 

Get SALT Encoding   

  12  0:01  Drone  
  13  0:12  Overlord  
  13  0:18  Drone  
  14  0:30  Drone x2  
  14  0:34  Drone  
  17  0:54  Hatchery  
  17  0:56  Drone  
  17  1:00  Drone  
  17  1:03  Extractor  
  17  1:16  Spawning Pool  
  17  1:18  Drone  
  17  1:21  Drone  
  18  1:28  Drone  
  19  1:38  Overlord  
  19  2:01  Drone  
  20  2:04  Queen  
  20  2:06  Queen  
  20  2:07  Metabolic Boost  
  24  2:09  Zergling x4  
  24  2:12  Drone  
  27  2:23  Drone x2  
  27  2:27  Evolution Chamber  
  28  2:33  Drone  
  28  2:34  Drone  
  30  2:44  Zergling x4  
  33  2:51  Zergling x2  
  33  2:56  Overlord  
  33  3:01  Zergling x2  
  34  3:07  Zergling x2  
  35  3:18  Hatchery  
  35  3:19  Zergling x2  
  35  3:20  Drone x6  
  41  3:37  Overlord  
  41  3:39  Drone x2  
  43  3:54  Overlord  
  43  3:56  Extractor  
  43  3:57  Extractor  
  43  3:58  Extractor  
  43  3:59  Roach Warren  
  43  4:02  Drone x7  
  45  4:09  Overlord  
  45  4:17  Overlord  
  45  4:21  Overlord  
  43  4:33  Overlord  
  43  4:34  Drone x2  
  43  4:37  Overlord  
  44  4:38  Drone x2  
  44  4:41  Queen  
  51  4:45  Drone x5  
  52  4:57  Drone x2  
  52  4:58  Drone  
  54  5:06  Roach x6  
  65  5:12  Roach x2  
  68  5:17  Roach  
  68  5:18  Roach  
  72  5:25  Roach  
  72  5:26  Roach x3  
  80  5:32  Roach x2  
  80  5:33  Zergling x4  
  86  5:37  Zergling x6  
  89  5:43  Zergling x2  
  89  5:44  Zergling x2  
  89  5:48  Zergling x2  
  92  5:50  Overlord  
  92  5:55  Ravager x2  
  92  5:56  Zergling x2  
  98  5:57  Zergling x6  
  98  5:59  Lair  
  98  6:00  Ravager  
  98  6:01  Ravager x3  
  98  6:03  Ravager  
  103  6:15  Ravager  
  103  6:16  Ravager  
  103  6:17  Zergling x2  
  103  6:18  Zergling x14  
  112  6:22  Overlord  
  110  6:28  Zergling x10  
  108  6:43  Roach x6  
  120  6:52  Overlord  
  102  7:04  Roach x2, Zergling x8  
  102  7:05  Roach  
Show
View Real Time Build Order
Export as new Build Order

Lilbow Protoss 

Build Orders: Nexus First 

Get SALT Encoding   

  12  0:01  Probe (Chrono Boost)  
  13  0:11  Probe (Chrono Boost)  
  14  0:17  Pylon  
  14  0:22  Probe (Chrono Boost)  
  16  0:35  Probe (Chrono Boost)  
  16  0:46  Probe (Chrono Boost)  
  17  0:57  Nexus  
  17  1:07  Gateway  
  17  1:11  Probe (Chrono Boost)  
  18  1:17  Assimilator  
  18  1:21  Probe (Chrono Boost)  
  18  1:24  Assimilator  
  19  1:32  Probe (Chrono Boost)  
  20  1:42  Probe (Chrono Boost)  
  20  1:44  Forge  
  21  1:53  Probe (Chrono Boost)  
  21  1:54  Cybernetics Core  
  22  2:03  Probe (Chrono Boost)  
  23  2:09  Probe (Chrono Boost), Zealot  
  23  2:14  Probe (Chrono Boost)  
  27  2:20  Probe (Chrono Boost)  
  28  2:24  Probe (Chrono Boost)  
  29  2:30  Probe (Chrono Boost), Warp Gate (Chrono Boost)  
  29  2:35  Probe (Chrono Boost)  
  31  2:41  Probe (Chrono Boost)  
  31  2:43  Sentry  
  34  2:45  Probe (Chrono Boost), Pylon  
  35  2:52  Probe (Chrono Boost)  
  35  2:56  Probe (Chrono Boost)  
  37  3:00  Protoss Ground Weapons Level 1  
  37  3:02  Probe (Chrono Boost)  
  38  3:06  Probe (Chrono Boost)  
  38  3:07  Robotics Facility  
  40  3:13  Probe (Chrono Boost)  
  40  3:17  Probe (Chrono Boost)  
  41  3:23  Probe (Chrono Boost), Pylon  
  42  3:28  Probe (Chrono Boost)  
  42  3:34  Probe (Chrono Boost)  
  44  3:35  Gateway x2  
  45  3:43  Pylon  
  45  3:44  Twilight Council, Probe (Chrono Boost)  
  45  3:47  Mothership Core (Chrono Boost)  
  47  3:49  Photon Cannon  
  47  3:55  Probe (Chrono Boost)  
  48  3:57  Pylon  
  48  4:18  Probe  
  48  4:24  Probe, Pylon  
  49  4:26  Pylon  
  49  4:27  Pylon  
  49  4:30  Probe  
  49  4:36  Probe  
  50  4:40  Zealot  
  50  4:41  Zealot  
  50  4:43  Probe  
  54  4:48  Probe  
  54  4:52  Charge  
  54  4:55  Probe  
  54  4:57  Protoss Ground Weapons Level 2 (Chrono Boost)  
  51  5:01  Probe, Warp Prism  
  51  5:04  Nexus, Assimilator  
  54  5:07  Probe  
  54  5:08  Assimilator  
  55  5:16  Probe  
  55  5:17  Pylon  
  55  5:20  Probe  
  57  5:26  Phoenix  
  57  5:28  Probe  
  58  5:32  Probe  
  59  5:35  Zealot x2  
  59  5:36  Zealot  
  59  5:40  Probe  
  66  5:44  Probe  
  67  5:50  Pylon  
  67  5:52  Probe  
  67  5:56  Probe  
  67  5:57  Stalker x3  
  71  6:01  Pylon  
  75  6:04  Probe  
  75  6:06  Pylon  
  75  6:10  Probe  
  77  6:13  Immortal (Chrono Boost)  
  77  6:18  Photon Cannon  
  81  6:21  Photon Cannon  
  81  6:26  Sentry x2, Stalker  
  80  6:52  Zealot x3  
  72  6:56  Zealot  
  72  6:57  Zealot x2  
  66  7:05  Mothership Core  
  56  7:17  Zealot x3  
  60  7:24  Pylon  
Tags
 
Add a new tag
Caveats
  • Supply blocks, unpowered buildings, or Contaminate may cause inaccurate times.
  • Supply counts are checked every 10 seconds.